 Dungeon Crawl Stone Soup version 0.30.1-11-g7821555f0a (webtiles) character file.

Game seed: 3710383097993995326

51 Martska the Trooper (level 3, 0/29 HPs)
             Began as a Demonspawn Fighter on Dec 13, 2023.
             Slain by Sigmund
             ... wielding a +0 scythe
              (4 damage)
             ... on level 3 of the Dungeon.
             The game lasted 00:02:56 (1474 turns).

Martska the Trooper (Demonspawn Fighter)            Turns: 1474, Time: 00:02:56

Health: 0/29       AC:  8    Str: 18    XL:     3   Next: 58%
Magic:  0/3        EV:  9    Int:  9    God:
Gold:   107        SH:  0    Dex: 12    Spells: 2/2 levels left

rFire   . . .        k - +2 short sword (protect)
rCold   . . .        c - +0 buckler
rNeg    . . .        b - +0 scale mail
rPois   .            (no helmet)
rElec   .            (no cloak)
rCorr   .            (no gloves)
SInv    .            (no boots)
Will    .....        h - amulet of guardian spirit Stlth
                     (no ring)
HPRegen 0.24/turn    (no ring)
MPRegen 0.08/turn

%: guardian spirit
@: confused
A: icy blue scales 1
a: no special abilities


You were on level 3 of the Dungeon.
You visited 1 branch of the dungeon, and saw 3 of its levels.

You collected 107 gold pieces.

Inventory:

Hand Weapons
 a - a +0 trident
 k - a +2 short sword of protection (weapon)
Armour
 b - a +0 scale mail (worn)
 c - a +0 buckler (worn)
Jewellery
 h - an amulet of guardian spirit (around neck)
Scrolls
 e - 3 scrolls of identify {unknown}
 i - 2 scrolls of magic mapping {unknown}
 j - a scroll of amnesia {unknown}
 m - a scroll of fear {unknown}
Potions
 d - a potion of might
 f - 4 potions of curing {unknown}
 g - a potion of invisibility {unknown}
 l - a potion of cancellation {unknown}


   Skills:
 * Level 3.6 Fighting
 - Level 1.7 Polearms
 + Level 3.0 Armour
 * Level 1.4 Dodging
 + Level 3.0 Shields


You had 2 spell levels left.
You didn't know any spells.
Your spell library was empty.

Dungeon Overview and Level Annotations

Branches:
Dungeon (3/15)

Altars:
Cheibriados

Annotations:
D:3 Sigmund


Innate Abilities, Weirdness & Mutations

You are partially covered in icy blue scales. (AC +2)


Message History

Sigmund zaps a wand.
The puff of flame hits you.
You hit Sigmund.
Sigmund is heavily wounded.
Sigmund hits you but does no damage.
You hit Sigmund.
Sigmund is severely wounded.
You closely miss Sigmund.
Sigmund is severely wounded.
Sigmund points at you and mumbles some strange words.
You are confused.
You barely miss Sigmund.
Sigmund is severely wounded.
Sigmund gestures at you while chanting.
The magic dart hits you but does no damage.
You hit Sigmund.
Sigmund is almost dead.
Sigmund hits you but does no damage.
You hit Sigmund.
Sigmund is almost dead.
Sigmund misses you.
You bump into the rock wall.
Sigmund casts a spell at you. The puff of flame hits you.
You bump into the rock wall.
Sigmund hits you with a +0 scythe.
You feel less confused. Sigmund gestures at you while chanting.
You are confused.
Sigmund casts a spell at you. You resist with significant effort.
Sigmund zaps a wand.
The puff of flame hits you!
* * * LOW HITPOINT WARNING * * *
You bump into the rock wall.
Sigmund mumbles some strange words.
Sigmund flickers and vanishes!
Deactivating autopickup; reactivate with Ctrl-A.
A rat comes into view.
You hear some strange, mumbled words.
You are more confused.
Something hits you.
You die...

#.# ##.....##
#...... #.#
##...##
#.###.# #.#
##'## #.# .#
#.# #.# #.# ##
#. ##.######
#.# #.......#
##...###.#
#.##{....##.##
#.r.@.........
#####..####.##
#.......#
##.###### #.#
#.# #.# #..
#.#


You could see a rat.

Vanquished Creatures
  2 adders
  A worm (D:2)
  2 ball pythons
  2 bats
  2 endoplasms
  5 goblins
  4 hobgoblins
  2 jackals (D:2)
  A quokka (D:2)
  A frilled lizard (D:2)
  A kobold (D:2)
  4 rats
27 creatures vanquished.

Notes
Turn   | Place    | Note
-------+----------+-------------------------------------------
     0 | D:1      | Martska the Demonspawn Fighter began the quest for the Orb.
     0 | D:1      | Reached XP level 1. HP: 18/18 MP: 1/1
   190 | D:1      | Gained mutation: You are partially covered in icy blue
                  | scales. (AC +2) [demonic ancestry]
   190 | D:1      | Reached XP level 2. HP: 24/24 MP: 2/2
   440 | D:2      | Found a snail-covered altar of Cheibriados.
   525 | D:2      | Reached skill level 1 in Dodging
   611 | D:2      | Reached XP level 3. HP: 21/29 MP: 1/3
  1444 | D:3      | Noticed Sigmund
  1474 | D:3      | Slain by Sigmund

Illustrated notes

Levels and vault maps discovered:
D:1:      minmay_arrival_cross, layout_basic, minmay_pentomino_t4
D:2:      layout_loops_ring, basic_altar, kennysheep_another_room,
          chequers_serial_rivers_small_b
D:3:      layout_loops_corners, hangedman_decor_push, minmay_puff, uniq_sigmund,
          uniq_grinder, uniq_natasha

Skill      XL: |  1  2  3 |
---------------+----------+-----
Dodging        | 1 |  1.4
Armour         | 3 |  3.0
Shields        | 3 |  3.0
Fighting       | |  3.6
Polearms       | |  1.7

Action                     || total
---------------------------++-------
  Melee: Trident           ||    90
         Short sword       ||    34
 Armour: Scale mail        ||    54
  Dodge: Dodged            ||    53
  Block: Buckler           ||    23
